 Dungeon Crawl Stone Soup version 0.20.0-15-g7f486f2 (webtiles) character file.

700 Naow the Thaumaturge (level 7, -6/36 HPs)
             Began as a Deep Elf Earth Elementalist on June 10, 2017.
             Killed by nerve-wracking pain
             ... invoked by an orc priest
              (10 damage)
             ... on level 4 of the Dungeon.
             The game lasted 00:05:50 (4212 turns).

Naow the Thaumaturge (Deep Elf Earth Elementalist)  Turns: 4212, Time: 00:05:51

Health: -6/36      AC:  2    Str:  5    XL:     7   Next: 38%
Magic:  10/20      EV: 13    Int: 22    God:
Gold:   227        SH:  0    Dex: 15    Spells: 12/22 levels left

rFire    . . .     SeeInvis .   (no weapon)
rCold    . . .     Gourm    .   (no shield)
rNeg     . . .     Faith    .   c - +0 robe
rPois    .         Spirit   .   (no helmet)
rElec    .         Reflect  .   (no cloak)
rCorr    .         Harm     .   (no gloves)
MR       .....                  (no boots)
Stlth    ++........             (no amulet)
Regen    0.2/turn               (no ring)
MPRegen  0.2/turn               (no ring)

@: no status effects
A: no striking features
a: no special abilities


You were on level 4 of the Dungeon.
You were not hungry.

You visited 1 branch of the dungeon, and saw 4 of its levels.

You collected 227 gold pieces.

Inventory:

Missiles
 b - 111 stones (quivered)
Armour
 c - a +0 robe (worn)
Jewellery
 k - a cursed ring of teleportation {unknown}
Scrolls
 a - a scroll of enchant armour {unknown}
 h - a scroll of teleportation {unknown}
 i - a scroll of fog {unknown}
 m - a scroll of amnesia {unknown}
 o - 7 scrolls of identify {unknown}
 r - a scroll of blinking {unknown}
 u - a scroll of recharging {unknown}
 v - a scroll of enchant weapon {unknown}
Potions
 f - a potion of mutation {unknown}
 l - a potion of lignification {unknown}
 n - 2 potions of heal wounds {unknown}
 p - a potion of magic {unknown}
 q - 2 potions of brilliance {unknown}
 s - a potion of degeneration {unknown}
 t - 2 potions of curing {unknown}
Books
 e - a book of Geomancy

   Spells                             Type                      Level
   a - Sandblast                      Earth                        1
   b - Passwall                       Transmutation/Earth          2
   c - Stone Arrow                    Conjuration/Earth            3
   d - Petrify                        Transmutation/Earth          4
   e - Lee's Rapid Deconstruction     Earth                        5
Comestibles
 d - 3 bread rations
 g - a meat ration
 j - 3 royal jellies


   Skills:
 - Level 2.4 Dodging
 - Level 2.4 Stealth
 + Level 8.1 Spellcasting
 - Level 1.1 Transmutations
 + Level 7.1 Earth Magic


You had 12 spell levels left.
You knew the following spells:

 Your Spells              Type           Power        Failure   Level  Hunger
a - Sandblast             Erth           #####.       1%          1    None
b - Stone Arrow           Conj/Erth      ###...       4%          3    None
c - Passwall              Tmut/Erth      ####......   1%          2    None
d - Petrify               Tmut/Erth      ####....     13%         4    ###....


Dungeon Overview and Level Annotations

Branches:
Dungeon (4/15)
 Temple: D:4-7

Altars:
Fedhas


Message History

b - 113 stones
Casting: Sandblast
Confirm with . or Enter, or press ? or * to list all spells.
Aiming: Sandblast
Press: ? - help, Shift-Dir - straight line, f/p - orc priest
Aim: an orc priest, wielding a hand axe and wearing a leather armour (heavily wounded)
The blast of sand hits the orc priest.
You kill the orc priest!
b - 112 stones
Casting: Sandblast
Confirm with . or Enter, or press ? or * to list all spells.
Aiming: Sandblast
Press: ? - help, Shift-Dir - straight line, f - orc priest
Aim: an orc priest, wielding a flail of crushing and wearing a leather armour The blast of sand hits the orc priest.
The orc priest is severely wounded.
b - 111 stones The orc priest invokes the aid of Beogh against you.
Pain shoots through your body!
You die...

##### #...# #...# ###########
#...# ###.........# #...#
.?......$...# #...##
.....$..[...##############.....
......?......o@..............).
............##############.....
............##############.....
.............................##
###..)......################.##
#..........# #..# ......<######
##.# ##...## #.# #... #.#


You could see an orc priest.

Vanquished Creatures
  A phantom (D:4)
  2 scorpions (D:4)
  A crimson imp (D:4)
  A hound (D:4)
  A bullfrog skeleton (D:4)
  An orc priest (D:4)
  3 jellies (D:2)
  A worker ant (D:4)
  A hound skeleton (D:4)
  4 gnolls (D:2)
  10 adders
  7 oozes
  4 worms
  A dart slug (D:1)
  3 leopard geckos
  9 orcs
  3 ball pythons
  4 giant cockroaches
  7 goblins
  10 hobgoblins
  2 quokkas (D:2)
  7 bats
  4 frilled lizards
  20 kobolds
  A quokka skeleton (D:4)
  10 rats
118 creatures vanquished.

Vanquished Creatures (others)
  A fungus (D:2)
  9 toadstools (D:2)
10 creatures vanquished.

Grand Total: 128 creatures vanquished

Notes
Turn   | Place    | Note
-------+----------+-------------------------------------------
     0 | D:1      | Naow the Deep Elf Earth Elementalist began the quest for the Orb.
     0 | D:1      | Reached XP level 1. HP: 10/10 MP: 6/6
   331 | D:1      | Reached XP level 2. HP: 15/15 MP: 5/8
   773 | D:1      | Reached skill level 4 in Spellcasting
  1158 | D:2      | Reached XP level 3. HP: 18/19 MP: 6/10
  1281 | D:2      | Found a blossoming altar of Fedhas.
  1393 | D:2      | Reached XP level 4. HP: 24/24 MP: 9/12
  1434 | D:2      | Reached skill level 5 in Spellcasting
  1604 | D:2      | Learned a level 3 spell: Stone Arrow
  1607 | D:2      | Learned a level 2 spell: Passwall
  1612 | D:2      | Learned a level 4 spell: Petrify
  2127 | D:2      | Reached XP level 5. HP: 28/28 MP: 11/15
  2256 | D:2      | Reached skill level 6 in Spellcasting
  2256 | D:2      | Reached skill level 5 in Earth Magic
  2726 | D:2      | Reached XP level 6. HP: 32/32 MP: 14/17
  3772 | D:4      | Reached skill level 7 in Spellcasting
  4008 | D:4      | Reached XP level 7. HP: 28/36 MP: 4/20
  4207 | D:4      | Reached skill level 8 in Spellcasting
  4212 | D:4      | Killed from afar by an orc priest

Skill      XL: |  1  2  3  4  5  6  7 |
---------------+----------------------+-----
Spellcasting   | 4 5 6 7 8 |  8.1
Earth Magic    | 4 5 6 7 |  7.1
Dodging        | |  2.4
Stealth        | |  2.4
Transmutations | |  1.1

Action                   |  1- 3 |  4- 6 |  7- 9 || total
-------------------------+-------+-------+-------++-------
Melee: Unarmed           |     4 |    11 |       ||    15
 Cast: Sandblast         |    56 |    78 |    12 ||   146
       Stone Arrow       |       |    30 |     2 ||    32
  Eat: Chunk             |     1 |     9 |       ||    10
Armor: Robe              |     5 |     4 |     2 ||    11
Dodge: Dodged            |    24 |    28 |     5 ||    57
